 Dungeon Crawl Stone Soup version 0.23-a0-844-gdc03e01 (webtiles) character file.

343648 Blackhawk the Wrestler (level 21, -1/203 HPs)
             Began as a Troll Monk on Jan 24, 2019.
             Was the Champion of Hepliaklqana.
             Killed from afar by a quicksilver dragon (24 damage)
             ... with a bolt of dispelling energy
             ... on level 5 of the Vaults on Jan 26, 2019.
             The game lasted 02:32:26 (45676 turns).

Blackhawk the Wrestler (Troll Monk)                Turns: 45676, Time: 02:32:27

Health: -1/203     AC: 29    Str: 29    XL:     21   Next: 13%
Magic:  29/29      EV: 17    Int:  6    God:    Hepliaklqana [******]
Gold:   2195       SH: 25    Dex: 19    Spells: 20/20 levels left

rFire    + + +     SeeInvis .     - Unarmed
rCold    x . .     Gourm    +   Z - +2 large shield {reflect}
rNeg     . . .     Faith    .   X - +8 fire dragon scales
rPois    .         Spirit   .   a - +2 hat "Sueh" {*Contam MP+9 Str+2}
rElec    .         Reflect  +   I - scarf {repulsion}
rCorr    .         Harm     .   (gloves unavailable)
MR       ++...                  (boots unavailable)
Stlth    ..........             G - +4 amulet of reflection
HPRegen  0.83/turn              u - +4 ring of protection
MPRegen  0.21/turn              m - ring of the Devil's Team {rF+ MR+ Str+2}

@: repel missiles
A: large, unfitting armour, reduced essence, claws 3, fast metabolism 3,
gourmand, regeneration 1, shaggy fur 1, tough skin 3
}: 2/15 runes: serpentine, barnacled
a: Recall Ancestor, Ancestor Identity, Transference, Idealise, Renounce Religion


You were on level 5 of the Vaults.
You worshipped Hepliaklqana.
Hepliaklqana was exalted by your worship.
You were not hungry.

You visited 6 branches of the dungeon, and saw 36 of its levels.
You also visited: Sewer.

You collected 4155 gold pieces.
You spent 1960 gold pieces at shops.

Inventory:

Hand Weapons
 b - a +4 scimitar of flaming
 c - the +1 dagger "Nocyetup" {pierce, rElec rF+ rN++ Dex-4}
   (You found it on level 3 of the Shoals)

   It inflicts extra damage upon your enemies.
   It affects your dexterity (-4).
   It protects you from fire.
   It insulates you from electricity.
   It greatly protects you from negative energy.
Missiles
 y - 15 throwing nets
 N - 48 large rocks
 O - 10 poisoned tomahawks (quivered)
Armour
 a - the +2 hat "Sueh" (worn) {*Contam MP+9 Str+2}
   (You acquired it on level 12 of the Dungeon)

   It affects your strength (+2).
   It affects your magic capacity (+9).
   It causes magical contamination when unequipped.
 I - a scarf of repulsion (worn)
 W - a scarf of spirit shield
 X - +8 fire dragon scales (worn)
 Z - a +2 large shield of reflection (worn)
Jewellery
 m - the ring of the Devil's Team (right claw) {rF+ MR+ Str+2}
   (You acquired it on level 4 of the Snake Pit)

   [ring of protection from magic]

   It affects your strength (+2).
   It protects you from fire.
   It affects your resistance to hostile enchantments.
 p - an uncursed ring of see invisible
 r - the ring of Rorch {rPois EV+3 Int+3}
   (You found it on level 1 of the Snake Pit)

   [ring of evasion]

   It affects your evasion (+3).
   It affects your intelligence (+3).
   It protects you from poison.
 u - a +4 ring of protection (left claw)
 G - a +4 amulet of reflection (around neck)
 J - the ring "Weorchina" {Wiz rPois rC++ rN+ Dex-2}
   (You found it on level 3 of the Shoals)

   [ring of wizardry]

   It improves your spell success rate.
   It affects your dexterity (-2).
   It greatly protects you from cold.
   It protects you from poison.
   It protects you from negative energy.
Wands
 n - a wand of acid (10)
 o - a wand of iceblast (11)
 B - a wand of enslavement (18)
 C - a wand of digging (38)
 M - a wand of paralysis (57)
 Q - a wand of disintegration (25)
 R - a wand of polymorph (13)
 S - a wand of flame (91)
Scrolls
 d - 2 scrolls of enchant weapon
 g - 13 scrolls of remove curse
 q - 9 scrolls of teleportation
 s - 6 scrolls of fear
 v - 3 scrolls of blinking
 w - 3 scrolls of fog
 E - 3 scrolls of holy word
 F - a scroll of silence
 H - 4 scrolls of identify
 T - a scroll of brand weapon
 U - a scroll of magic mapping
Potions
 f - 7 potions of flight
 i - 10 potions of curing
 k - a potion of invisibility
 l - 2 potions of heal wounds
 t - 5 potions of magic
 x - 3 potions of mutation
 z - 9 potions of haste
 D - 3 potions of ambrosia
 P - 2 potions of might
 V - 4 potions of agility
 Y - 2 potions of cancellation
Miscellaneous
 K - a phantom mirror
 L - a box of beasts
Comestibles
 h - 69 rations
 j - 2 chunks of flesh


   Skills:
 + Level 17.2 Fighting
 + Level 10.3 Armour
 + Level 15.3 Dodging
 - Level 1.1 Stealth
 - Level 9.0 Shields
 + Level 21.6 Unarmed Combat
 - Level 0.1 Invocations


You had 20 spell levels left.
You didn't know any spells.
Your spell library contained the following spells:

 Spells                   Type           Power        Failure   Level  Hunger
 Animate Skeleton         Necr           N/A          98%         1    ##.....
 Beastly Appendage        Tmut           #.....       98%         1    ##.....
 Confusing Touch          Hex            #.....       98%         1    ##.....
 Flame Tongue             Conj/Fire      #....        98%         1    ##.....
 Infusion                 Chrm           #...         98%         1    ##.....
 Magic Dart               Conj           #...         98%         1    ##.....
 Pain                     Necr           #...         98%         1    ##.....
 Shock                    Conj/Air       #...         98%         1    ##.....
 Blink                    Tloc           N/A          99%         2    ###....
 Call Imp                 Summ           #.......     99%         2    ###....
 Poisonous Vapours        Pois/Air       #.....       99%         2    ###....
 Searing Ray              Conj           #.....       99%         2    ###....
 Shroud of Golubria       Chrm/Tloc      #.........   99%         2    ###....
 Slow                     Hex            #.......     99%         2    ###....
 Song of Slaying          Chrm           #.......     99%         2    ###....
 Sticks to Snakes         Tmut           #.......     99%         2    ###....
 Swiftness                Chrm/Air       #.......     99%         2    ###....
 Throw Flame              Conj/Fire      #.....       99%         2    ###....
 Confuse                  Hex            #.......     100%        3    ####...
 Conjure Flame            Conj/Fire      #.......     100%        3    ####...
 Dazzling Spray           Conj/Hex       #.....       100%        3    ####...
 Gell's Gravitas          Tloc           #.........   100%        3    ####...
 Inner Flame              Hex/Fire       #.......     100%        3    ####...
 Mephitic Cloud           Conj/Pois/Air  #.......     100%        3    ####...
 Regeneration             Chrm/Necr      #.........   100%        3    ####...
 Spectral Weapon          Hex/Chrm       #.......     100%        3    ####...
 Spider Form              Tmut/Pois      #.........   100%        3    ####...
 Static Discharge         Conj/Air       #.......     100%        3    ####...
 Vampiric Draining        Necr           #.........   100%        3    ####...
 Airstrike                Air            #.........   100%        4    #####..
 Animate Dead             Necr           N/A          100%        4    #####..
 Cause Fear               Hex            #.........   100%        4    #####..
 Force Lance              Conj/Tloc      #.......     100%        4    #####..
 Fulminant Prism          Conj/Hex       #.........   100%        4    #####..
 Ice Form                 Ice/Tmut       #.......     100%        4    #####..
 Iskenderun's Mystic Bla  Conj           #.......     100%        4    #####..
 Petrify                  Tmut/Erth      #.......     100%        4    #####..
 Sticky Flame             Conj/Fire      #.......     100%        4    #####..
 Blade Hands              Tmut           #.........   100%        5    ######.
 Bolt of Magma            Conj/Fire/Erth #.........   100%        5    ######.
 Dispel Undead            Necr           #.......     100%        5    ######.
 Fireball                 Conj/Fire      #.........   100%        5    ######.
 Iskenderun's Battlesphe  Conj/Chrm      #.......     100%        5    ######.
 Lightning Bolt           Conj/Air       #.........   100%        5    ######.
 Metabolic Englaciation   Hex/Ice        #.........   100%        5    ######.
 Silence                  Hex/Air        #.........   100%        5    ######.
 Venom Bolt               Conj/Pois      #.........   100%        5    ######.
 Yara's Violent Unravell  Hex/Tmut       #.........   100%        5    ######.
 Conjure Ball Lightning   Conj/Air       #.........   100%        6    #######
 Deflect Missiles         Chrm/Air       #.........   100%        6    #######
 Freezing Cloud           Conj/Ice/Air   #.........   100%        6    #######
 Iron Shot                Conj/Erth      #.........   100%        6    #######
 Dragon Form              Tmut           #.........   100%        7    #######
 Malign Gateway           Summ/Tloc      #.........   100%        7    #######
 Orb of Destruction       Conj           #.........   100%        7    #######
 Ring of Flames           Chrm/Fire      #.........   100%        7    #######
 Spellforged Servitor     Conj/Summ      #.........   100%        7    #######
 Summon Hydra             Summ           #.........   100%        7    #######
 Discord                  Hex            #.........   100%        8    #######


Dungeon Overview and Level Annotations

Branches:
Dungeon (15/15)            Temple (0/1) D:5            Lair (6/6) D:11
 Shoals (4/4) Lair:2        Snake (4/4) Lair:2        Slime (0/5) Lair:5
    Orc (2/2) D:9             Elf (0/3) Orc:2        Vaults (5/5) D:14
  Crypt (0/3) Vaults:3     Depths (0/5) D:15

Altars:
Ashenzari
Dithmenos
Elyvilon
Gozag
Hepliaklqana
Makhleb
Okawaru
Qazlal
Vehumet
Xom
Yredelemnul
Zin
The Shining One
Beogh

Shops:
D:4 *   D:8 :   D:9 !   D:10 (   D:13 ?   Orc:2 ([?!   Shoals:3 (

Portals:
Trove: D:12 (give 15 scrolls of teleportation)

Annotations:
Lair:4 3 runed doors, Voug's ghost, journeyman FeTm; Zaokesew's ghost, journeyman DEAE
Lair:5 exclusion: 2 oklob plants


Innate Abilities, Weirdness & Mutations

You are too large for most types of armour.
You have claws for hands.
Your metabolism is lightning-fast.
You like to eat raw meat.
Your natural rate of healing is unusually fast.
You are covered in fur. (AC +1)
You have extremely tough skin. (AC +3)
Your life essence is reduced to manifest your ancestor. (-10% HP)


Message History

You scratch the freezing wraith.
The freezing wraith is lightly damaged.
You scratch the freezing wraith but do no damage.
The freezing wraith is lightly damaged.
The satyr changes into something you cannot see!
The quicksilver dragon breathes dispelling energy at you.
The bolt of dispelling energy hits you but does no damage.
Your larval fireweird beast breathes flames at the quicksilver dragon.
The blast of flame hits the quicksilver dragon!
Your soldier ant stings the quicksilver dragon!
The quicksilver dragon is poisoned.
Your soldier ant poisons the quicksilver dragon!
Your soldier ant stings the quicksilver dragon!
You block the freezing wraith's attack. x2; The yaktaur captain hits you!
* * * LOW HITPOINT WARNING * * *
You hear a shout!
You feel much better.
The quicksilver dragon breathes dispelling energy at you.
The bolt of dispelling energy hits you!!
You die...

#..#..
#..#.
#.... #..9
#.e######
#H.......
#a.a.....
#@D#
#Wc...=..
.D.......
...#######
.....
#.....
#.....
#......


You could see a storm dragon, a quicksilver dragon, a yaktaur captain, a war
gargoyle, a deep elf high priest, a freezing wraith, a friendly larval fireweird
beast and 2 friendly soldier ants.

Vanquished Creatures
  Frederick (Vaults:4)
  Margery (Vaults:1)
  Saint Roka (Vaults:4)
  Vashnia (Snake:4)
  2 tentacled monstrosities
  Rupert (Snake:1)
  A sphinx (Vaults:4)
  Gastronok (D:12)
  Kirke (D:12)
  10 nagarajas
  Roxanne (Shoals:1)
  A frost giant (Vaults:3)
  11 vault wardens
  A deep elf sorcerer (Vaults:3)
  2 orc warlords
  17 ironheart preservers
  4 very ugly things (Vaults:4)
  5 stone giants
  2 entropy weavers
  2 deep elf demonologists
  2 deep elf annihilators
  Azrael (Snake:2)
  2 ettins
  6 merfolk javelineers
  A deep elf death mage (Vaults:4)
  Josephine (D:12)
  13 merfolk impalers
  4 ogre magi
  An ice dragon (Vaults:2)
  3 great orbs of eyes
  9 yaktaur captains
  Erolcha (D:11)
  25 naga warriors
  2 hydras
  2 alligator snapping turtles
  33 vault guards
  8 anacondas
  6 centaur warriors
  A tengu warrior (D:14)
  A satyr (Shoals:4)
  A merfolk avatar (Lair:6)
  15 two-headed ogres
  6 death yaks
  A dancing weapon (Vaults:5)
  2 deep troll shamans
  2 deep troll earth magi
  17 naga sharpshooters
  9 shock serpents
  3 orc high priests
  Sonja (D:12)
  6 deep elf knights (Vaults:3)
  3 hell knights
  5 salamander mystics
  8 sea snakes
  13 deep trolls
  6 skeletal warriors
  3 unseen horrors
  A wizard (Vaults:1)
  4 deep elf archers
  7 naga ritualists
  10 ironbrand convokers
  Pikel (D:7)
  12 deep elf magi
  4 necromancers
  6 mana vipers
  10 harpies
  A human zombie (Vaults:1)
  10 orc knights
  A lindwurm (shapeshifter) (Vaults:2)
  24 salamanders
  A wolf spider (Vaults:4)
  15 manticores
  9 fauns
  3 orc sorcerers
  25 ugly things
  2 stone giant zombies
  A guardian serpent (shapeshifter) (Vaults:1)
  15 naga magi
  4 merfolk sirens
  Maurice (D:9)
  6 cyclopes
  10 elephants
  Joseph (D:7)
  6 guardian serpents
  A centaur zombie (D:14)
  26 black mambas
  2 torpor snails
  10 vault sentinels
  7 water nymphs
  12 spiny frogs
  3 rime drakes
  6 komodo dragons
  A yaktaur (shapeshifter) (Vaults:1)
  5 freezing wraiths
  A kobold demonologist (D:12)
  An efreet (D:15)
  24 yaktaurs
  2 tengu conjurers (D:14)
  2 polar bears
  25 merfolk
  6 trolls
  2 human skeletons (Vaults:1)
  2 hornets
  8 wind drakes
  Prince Ribbit (D:8)
  12 dream sheep
  A hippogriff (shapeshifter) (Vaults:3)
  A stone giant simulacrum (Vaults:1)
  13 hippogriffs
  9 slime creatures
  An ettin skeleton (Vaults:3)
  Sigmund (D:3)
  2 shadows
  An ice dragon skeleton (Vaults:1)
  6 water elementals
  A wyvern (Lair:6)
  4 snapping turtles
  A vampire (D:9)
  3 fire elementals (Snake:2)
  8 wraiths
  A yak (shapeshifter) (Vaults:1)
  20 yaks
  8 humans (D:14)
  2 hogs (D:12)
  2 basilisks (D:11)
  4 vampire mosquitoes (D:14)
  Grum (D:8)
  2 hungry ghosts
  2 yaktaur simulacra
  A soldier ant (D:10)
  62 nagas
  8 wargs
  2 acid dragons
  2 hell hounds (Snake:2)
  16 water moccasins
  7 porcupines
  4 ice beasts
  52 orc warriors
  2 black bears
  2 sky beasts
  4 phantoms
  A necrophage (D:6)
  An eye of draining (D:14)
  10 wolves
  17 centaurs
  20 ogres
  10 crocodiles
  4 big kobolds
  12 bullfrogs
  A glowing shapeshifter simulacrum (Vaults:2)
  A wyvern zombie (D:14)
  A gnoll sergeant (Orc:1)
  Dowan (D:7)
  5 killer bees
  A scorpion (D:5)
  A human simulacrum (Vaults:3)
  16 wights
  6 crimson imps
  3 bullfrog zombies
  2 howler monkeys
  A lava snake (D:10)
  5 hounds
  A quasit (D:9)
  15 orc priests
  4 iguanas
  2 jellies
  3 bullfrog skeletons
  Jessica (D:3)
  6 centaur skeletons
  36 orc wizards
  9 worker ants
  A killer bee zombie (D:8)
  A hound skeleton (D:7)
  A howler monkey zombie (D:10)
  2 worker ant zombies
  Robin (D:3)
  A howler monkey skeleton (D:10)
  8 gnolls
  3 hexers
  2 river rats (Sewer)
  15 adders
  3 shadow imps
  8 oozes
  An adder zombie (D:6)
  An adder skeleton (D:5)
  3 worms
  A dart slug (D:4)
  5 leopard geckos
  120 orcs
  10 giant cockroaches
  14 goblins
  11 hobgoblins
  6 jackals
  17 kobolds
  6 quokkas
  A ball python (Sewer)
  A ball python zombie (D:5)
  10 bats
  3 frilled lizards
  8 rats
1354 creatures vanquished.

Vanquished Creatures (collateral kills)
  2 nagarajas
  A frost giant (Vaults:3)
  An ettin (Orc:1)
  A merfolk impaler (Shoals:3)
  A yaktaur captain (Vaults:4)
  2 vault guards
  A naga warrior (Snake:3)
  A merfolk aquamancer (Shoals:2)
  A centaur warrior (Vaults:1)
  2 two-headed ogres
  2 naga sharpshooters
  A deep elf knight (Vaults:3)
  A shock serpent (Lair:2)
  3 hell knights
  A swamp dragon (shapeshifter) (Vaults:2)
  A sea snake (Lair:6)
  A naga ritualist (Snake:4)
  A glowing orange brain (shapeshifter) (Vaults:5)
  2 ugly things
  3 harpies
  2 wolf spiders
  3 fauns
  3 cyclopes
  3 deep elf magi
  An elephant (Lair:6)
  2 naga magi
  2 water nymphs
  A black mamba (Snake:1)
  A guardian serpent (Snake:4)
  A spiny frog (Lair:6)
  A vault sentinel (Vaults:1)
  A rime drake (Lair:6)
  3 yaktaurs (Vaults:4)
  A polar bear (Lair:6)
  5 merfolk
  A troll (Vaults:4)
  A dream sheep (Lair:2)
  3 slime creatures
  A snapping turtle (Shoals:4)
  A wyvern (Lair:6)
  A yak (Lair:4)
  A water elemental (Shoals:1)
  3 nagas
  A porcupine (Lair:3)
  A human skeleton (Vaults:3)
  Duvessa (D:7)
  3 orc warriors
  An ogre (D:14)
  A black bear (D:11)
  2 phantoms
  4 wolves
  A bullfrog (D:11)
  A killer bee (D:10)
  A wight (D:12)
  A howler monkey (D:9)
  3 orc priests
  5 orc wizards
  A bullfrog skeleton (D:8)
  2 iguanas
  A worker ant (D:4)
  A howler monkey zombie (D:5)
  4 gnolls
  An adder (D:7)
  An ooze (D:5)
  An adder skeleton (D:4)
  20 orcs
  A jackal (D:3)
  A quokka (D:10)
  2 kobolds
  A bush (Lair:6)
  A butterfly (Lair:3)
135 creatures vanquished.

Vanquished Creatures (others)
  2 centaur warriors (Vaults:3)
  2 naga sharpshooters (Snake:4)
  A deep elf archer (Vaults:4)
  A faun (Shoals:4)
  4 yaktaurs
  A human (D:12)
  A slave (D:7)
  An orc priest (Vaults:3)
  2 orc wizards (D:7)
  43 hexers
  4 orcs
  3 bushes (Lair:6)
  9 fungi
  20 plants
  9 tentacles (Shoals:2)
  6 withered plants (Lair:4)
109 creatures vanquished.

Grand Total: 1598 creatures vanquished

Notes
Turn   | Place    | Note
-------+----------+-------------------------------------------
     0 | D:1      | Blackhawk the Troll Monk began the quest for the Orb.
     0 | D:1      | Reached XP level 1. HP: 22/22 MP: 0/0
   262 | D:1      | Reached XP level 2. HP: 18/29 MP: 1/1
   747 | D:2      | Upgraded the game from 0.23-a0-837-ga3e6480 to
                  | 0.23-a0-844-gdc03e01
   772 | D:2      | Reached XP level 3. HP: 35/36 MP: 2/2
  1044 | D:2      | Reached skill level 4 in Unarmed Combat
  1243 | D:2      | Found an opulent altar of Gozag.
  1521 | D:3      | Reached XP level 4. HP: 38/45 MP: 3/3
  1536 | D:3      | Found a glowing drain.
  1567 | Sewer    | Entered a sewer
  1733 | Sewer    | Noticed a big kobold
  1745 | Sewer    | Killed a big kobold
  1745 | Sewer    | Reached skill level 5 in Unarmed Combat
  1745 | Sewer    | Reached XP level 5. HP: 45/53 MP: 4/4
  1927 | D:3      | Noticed Sigmund
  1940 | D:3      | Killed Sigmund
  1940 | D:3      | Reached skill level 6 in Unarmed Combat
  1940 | D:3      | Reached XP level 6. HP: 59/62 MP: 5/5
  1960 | D:3      | Noticed Robin
  1976 | D:3      | Killed Robin
  2247 | D:3      | Noticed Jessica
  2250 | D:3      | Killed Jessica
  2622 | D:3      | Found a hazy altar of Hepliaklqana.
  2627 | D:3      | Became a worshipper of Hepliaklqana the Forgotten
  2627 | D:3      | Reached * piety under Hepliaklqana
  2627 | D:3      | Reached ** piety under Hepliaklqana
  2628 | D:3      | Remembered your ancestor Circe as a hexer
  2695 | D:3      | Reached XP level 7. HP: 63/63 MP: 6/6
  3034 | D:4      | Reached skill level 7 in Unarmed Combat
  3249 | D:4      | Found a shattered altar of Ashenzari.
  3251 | D:4      | Found an opulent altar of Gozag.
  3268 | D:4      | Found an iron altar of Okawaru.
  3420 | D:4      | Found Neulooc's Serpentskin Sales.
  3518 | D:5      | Entered Level 5 of the Dungeon
  3571 | D:5      | Reached skill level 5 in Fighting
  3571 | D:5      | Reached skill level 8 in Unarmed Combat
  3619 | D:5      | Reached XP level 8. HP: 69/72 MP: 7/7
  3801 | D:5      | Found a white marble altar of Elyvilon.
  3906 | D:5      | Found a burning altar of Makhleb.
  4005 | D:5      | Got a scorched buckler
  4106 | D:5      | Reached skill level 9 in Unarmed Combat
  4235 | D:5      | Found a staircase to the Ecumenical Temple.
  4393 | D:6      | Found a basalt altar of Yredelemnul.
  4444 | D:6      | Found a stormy altar of Qazlal.
  4451 | D:6      | Reached *** piety under Hepliaklqana
  4889 | D:7      | Noticed Joseph
  4913 | D:7      | Killed Joseph
  4913 | D:7      | Reached skill level 10 in Unarmed Combat
  4913 | D:7      | Reached XP level 9. HP: 40/80 MP: 8/8
  5160 | D:7      | Noticed Pikel
  5164 | D:7      | Killed Pikel
  5243 | D:7      | Found a glowing silver altar of Zin.
  5266 | D:7      | Noticed Dowan
  5268 | D:7      | Noticed Duvessa
  5274 | D:7      | Killed Dowan
  5274 | D:7      | Reached skill level 11 in Unarmed Combat
  5285 | D:7      | Killed Duvessa
  5476 | D:7      | Found a radiant altar of Vehumet.
  5732 | D:7      | Found a shimmering altar of Xom.
  6137 | D:8      | Noticed Grum
  6148 | D:8      | Killed Grum
  6148 | D:8      | Reached XP level 10. HP: 56/91 MP: 6/9
  6160 | D:8      | Reached skill level 12 in Unarmed Combat
  6531 | D:8      | Found Hiclaopn's Book Boutique.
  6549 | D:8      | Reached **** piety under Hepliaklqana
  6557 | D:8      | Noticed Prince Ribbit
  6564 | D:8      | Killed Prince Ribbit
  6792 | D:9      | Found Mawaics's Distillery.
  6802 | D:9      | Found a shadowy altar of Dithmenos.
  6824 | D:9      | Noticed Maurice
  6834 | D:9      | Killed Maurice
  6891 | D:9      | Noticed a two-headed ogre
  6899 | D:9      | Killed a two-headed ogre
  6899 | D:9      | Reached skill level 13 in Unarmed Combat
  7012 | D:9      | Found a staircase to the Orcish Mines.
  7112 | D:9      | Noticed a two-headed ogre
  7115 | D:9      | Killed a two-headed ogre
  7431 | D:9      | You fall through a shaft for 3 floors!
  7475 | D:12     | Noticed a manticore
  7493 | D:12     | Killed a manticore
  7520 | D:12     | Reached XP level 11. HP: 40/101 MP: 10/10
  7549 | D:12     | HP: 4/101 [centaur warrior skeleton (3)]
  7695 | D:12     | Noticed Josephine
  7713 | D:12     | Killed Josephine
  7713 | D:12     | Reached skill level 14 in Unarmed Combat
  7724 | D:12     | Noticed a two-headed ogre
  7771 | D:12     | Killed a two-headed ogre
  7953 | D:12     | Noticed an unseen horror
  7958 | D:12     | Killed an unseen horror
  8018 | D:10     | Entered Level 10 of the Dungeon
  8103 | D:10     | Noticed an unseen horror
  8681 | D:9      | Reached ***** piety under Hepliaklqana
  9095 | D:10     | Killed an unseen horror
  9526 | D:10     | Found Ysats's Antique Weapon Shop.
 10087 | D:11     | Reached skill level 15 in Unarmed Combat
 10118 | D:11     | Noticed Erolcha
 10132 | D:11     | Killed Erolcha
 10199 | D:11     | Noticed a two-headed ogre
 10216 | D:11     | Killed a two-headed ogre
 10216 | D:11     | Reached skill level 10 in Fighting
 10216 | D:11     | Reached XP level 12. HP: 105/113 MP: 11/11
 10306 | D:11     | Found a staircase to the Lair.
 11161 | D:4      | Bought a +2 whip of venom for 210 gold pieces
 11161 | D:4      | Bought 3 poisoned tomahawks for 42 gold pieces
 11161 | D:4      | Bought 5 poisoned tomahawks for 70 gold pieces
 11370 | Lair:1   | Entered Level 1 of the Lair of Beasts
 11432 | Lair:1   | Noticed a five-headed hydra
 12074 | Lair:1   | You fall through a shaft!
 12116 | Lair:2   | Reached skill level 5 in Dodging
 12608 | Lair:2   | Found a staircase to the Snake Pit.
 12903 | Lair:2   | Killed a five-headed hydra
 13504 | Lair:2   | Found a staircase to the Shoals.
 14599 | Lair:4   | Found a runed gate.
 14599 | Lair:4   | Found a runed gate.
 14600 | Lair:4   | Found a runed gate.
 14602 | Lair:4   | Noticed Zaokesew's ghost (journeyman DEAE)
 14602 | Lair:4   | Noticed Voug's ghost (journeyman FeTm)
 14807 | Lair:4   | Reached ****** piety under Hepliaklqana
 15405 | Lair:5   | Reached skill level 16 in Unarmed Combat
 15405 | Lair:5   | Reached XP level 13. HP: 118/123 MP: 12/12
 15592 | Lair:5   | You fall through a shaft!
 15592 | Lair:6   | Entered Level 6 of the Lair of Beasts
 16207 | Lair:5   | Found a staircase to the Slime Pits.
 16863 | D:12     | Noticed Gastronok
 16999 | D:12     | Killed Gastronok
 17061 | D:12     | Identified a scroll of acquirement
 17067 | D:12     | Got a dazzling hat
 17068 | D:12     | Identified the +2 hat "Sueh" {*Contam MP+9 Str+2} (You
                  | acquired it on level 12 of the Dungeon)
 17222 | D:12     | Noticed Kirke
 17242 | D:12     | Killed Kirke
 17301 | D:12     | Noticed Sonja
 17306 | D:12     | Killed Sonja
 17452 | D:12     | Found a portal to a secret trove of treasure.
 18337 | D:13     | Found a gate leading to a gauntlet.
 18559 | D:13     | Found Tinarisa's Magic Scroll Boutique.
 18700 | D:13     | Reached XP level 14. HP: 113/134 MP: 13/13
 19329 | D:14     | Reached skill level 17 in Unarmed Combat
 19896 | D:14     | Found a gate to the Vaults.
 20436 | D:15     | Entered Level 15 of the Dungeon
 20510 | D:15     | Found a glowing golden altar of the Shining One.
 20513 | D:15     | Noticed a fire giant
 20515 | D:15     | Found a staircase to the Depths.
 20728 | Lair:6   | Paralysed by a hornet for 1 turns
 20890 | Lair:6   | Reached skill level 1 in Shields
 22138 | Lair:6   | Reached skill level 10 in Dodging
 22233 | Lair:6   | Reached XP level 15. HP: 136/143 MP: 14/14
 22699 | Snake:1  | Entered Level 1 of the Snake Pit
 22998 | Orc:1    | Entered Level 1 of the Orcish Mines
 23152 | Orc:1    | Noticed an orc warlord
 23225 | D:9      | Killed an orc warlord
 23802 | Orc:2    | Entered Level 2 of the Orcish Mines
 24088 | Orc:2    | Found a roughly hewn altar of Beogh.
 24249 | Orc:2    | Found a roughly hewn altar of Beogh.
 24263 | Orc:2    | Found Xaenod's Distillery.
 24312 | Orc:2    | Found a roughly hewn altar of Beogh.
 24338 | Orc:2    | Found a roughly hewn altar of Beogh.
 24399 | Orc:2    | Found a staircase to the Elven Halls.
 24804 | Orc:2    | Found a roughly hewn altar of Beogh.
 24808 | Orc:2    | Found Zidat's Magic Scroll Boutique.
 24873 | Orc:2    | Noticed an orc warlord
 25153 | Orc:2    | Killed an orc warlord
 25153 | Orc:2    | Reached skill level 18 in Unarmed Combat
 25202 | Orc:2    | Found a roughly hewn altar of Beogh.
 25346 | Orc:2    | Found Zuesuesoy's Antique Armour Shoppe.
 25347 | Orc:2    | Found a roughly hewn altar of Beogh.
 25348 | Orc:2    | Found Ulaek's Antique Weapon Emporium.
 25361 | Orc:2    | Bought shiny fire dragon scales for 1638 gold pieces
 26087 | Snake:1  | Noticed Rupert
 26094 | Snake:1  | Killed Rupert
 26094 | Snake:1  | Reached skill level 5 in Shields
 26681 | Snake:1  | Got a wavering copper ring
 27116 | Snake:1  | Identified the Guide on Stolen Souls and Lightness
 27177 | Snake:1  | Reached XP level 16. HP: 153/153 MP: 15/15
 27241 | Snake:1  | Identified the ring of Rorch {rPois EV+3 Int+3} (You found
                  | it on level 1 of the Snake Pit)
 27730 | Snake:2  | Noticed Azrael
 27737 | Snake:2  | Killed Azrael
 30249 | Snake:4  | Entered Level 4 of the Snake Pit
 30773 | Snake:4  | Noticed Vashnia
 30780 | Snake:4  | Reached skill level 19 in Unarmed Combat
 30804 | Snake:4  | Killed Vashnia
 31030 | Snake:4  | Reached XP level 17. HP: 130/163 MP: 16/16
 31560 | Snake:4  | Reached skill level 1 in Armour
 32334 | Snake:4  | Got a serpentine rune of Zot
 32608 | Snake:4  | Got a warped bone ring
 32609 | Snake:4  | Identified the ring of the Devil's Team {rF+ MR+ Str+2}
                  | (You acquired it on level 4 of the Snake Pit)
 32700 | Shoals:1 | Entered Level 1 of the Shoals
 33140 | Shoals:1 | Reached skill level 15 in Fighting
 33327 | Shoals:1 | Identified Roxanne's Guide on Transmigration
 33327 | Shoals:1 | Noticed Roxanne
 33347 | Shoals:1 | Killed Roxanne
 33698 | Shoals:2 | Got a fine robe
 33734 | Shoals:1 | Identified the +1 robe of Mirth {+Fly Str+4 Int+3 Slay-2}
                  | (You found it on level 2 of the Shoals)
 33736 | Shoals:2 | Noticed a kraken
 34160 | Shoals:1 | Reached XP level 18. HP: 167/173 MP: 17/17
 35400 | Shoals:3 | Got a brightly glowing brass ring
 35503 | Shoals:3 | Identified the ring "Weorchina" {Wiz rPois rC++ rN+ Dex-2}
                  | (You found it on level 3 of the Shoals)
 35507 | Shoals:3 | Got a transparent dagger
 35553 | Shoals:3 | Found Xyrasmeh's Weapon Shoppe.
 35848 | Shoals:4 | Entered Level 4 of the Shoals
 36206 | Shoals:4 | Identified the Incunabulum of the Toxic Volcanoes
 36214 | Shoals:4 | Identified the +1 dagger "Nocyetup" {pierce, rElec rF+ rN++
                  | Dex-4} (You found it on level 3 of the Shoals)
 36235 | Shoals:4 | Reached skill level 5 in Armour
 36850 | Shoals:4 | Reached skill level 20 in Unarmed Combat
 36911 | Shoals:4 | Got a barnacled rune of Zot
 37427 | Vaults:1 | Entered Level 1 of the Vaults
 38392 | Vaults:1 | Found Cuitsiqu's Food Shoppe.
 38519 | Vaults:1 | Reached XP level 19. HP: 183/183 MP: 18/18
 38714 | Vaults:1 | Identified The Papyrus of Greatest Risks and Utility
 39723 | Vaults:1 | HP: 8/183 [storm dragon/bolt of lightning (24)]
 39996 | Vaults:2 | You fall through a shaft!
 40347 | Vaults:2 | Noticed Margery
 40374 | Vaults:1 | Killed Margery
 42096 | Vaults:3 | Found a staircase to the Crypt.
 42566 | Vaults:3 | Reached XP level 20. HP: 193/193 MP: 19/19
 42844 | Vaults:3 | Reached skill level 21 in Unarmed Combat
 43812 | Vaults:4 | Noticed Saint Roka
 43834 | Vaults:4 | Killed Saint Roka
 44219 | Vaults:4 | Reached skill level 15 in Dodging
 44256 | Vaults:4 | Noticed Frederick
 44403 | Vaults:4 | Killed Frederick
 44896 | Vaults:4 | Reached skill level 10 in Armour
 45524 | Vaults:5 | Entered Level 5 of the Vaults
 45532 | Vaults:5 | Reached XP level 21. HP: 114/203 MP: 20/20
 45536 | Vaults:5 | Noticed a golden dragon
 45660 | Vaults:5 | HP: 8/203 [acid (6)]
 45668 | Vaults:5 | HP: 8/203 [tentacled monstrosity (9)]
 45675 | Vaults:5 | HP: 4/203 [yaktaur captain (16)]
 45676 | Vaults:5 | Killed from afar by a quicksilver dragon

Vault maps used:
D:1:      ebering_hopf_link
D:2:      minmay_wonky_spiral, grunt_gozag_statues
D:3:      marbit_many_paths, gup_sewer_entry_pipe, guppyfry_early_orc_mine,
          uniq_sigmund, uniq_robin, uniq_jessica
D:4:      gammafunk_temple_overflow_forgotten, first_ration, guppyfry_shop_venom
D:5:      kennysheep_spiral_hall, old_standard_altar, makhleb_heckhound_becter,
          temple_green, chequers_jeans
D:6:      grunt_qazlal_clouds, basic_altar, minmay_misc_feat_ornament
D:7:      minmay_flawed_box, kennysheep_little_box, overflow_temple_1_default,
          minmay_ruined_shrine, uniq_pikel, uniq_duvessa, uniq_joseph
D:8:      serial_shops, shop, uniq_grum, uniq_prince_ribbit1
D:9:      david_orc_2, serial_shops, shop, basic_altar, grunt_ogre_cave,
          uniq_maurice
D:10:     serial_shops, shop_fountains, kennysheep_potato
D:11:     david_lair_generic, hangedman_decor_slide_cut,
          kennysheep_small_square, uniq_erolcha
D:12:     trove_entry_hex_spiral, uniq_kirke, uniq_sonja, uniq_gastronok,
          uniq_josephine
D:13:     minmay_distorted_concentric_squares, serial_shops, nicolae_shop_stone,
          gauntlet_entry_generic
D:14:     ximxim_vaults_locker_room, minivault_14, minmay_misc_feat_rugged
D:15:     grunt_enter_depths_giant_problem, basic_altar, serial_park_tiny_1,
          minivault_13
Lair:1:   minmay_holes
Lair:2:   elwin_shoals_entry_rooms, minmay_snake_entry_spellcaster,
          serial_bayou_pond_c
Lair:3:   lemuel_fruit_fields, serial_bayou_shore_a
Lair:4:   gammafunk_ghost_cemetery, minivault_19,
          chequers_serial_rivers_large_b, nicolae_quartered_pool_medium
Lair:5:   dpeg_slime_entry_corner, minmay_lair_oklob_chamber, lemuel_fruit_tree
Lair:6:   gammafunk_lair_ancient_temple
Shoals:1: nicolae_shoals_arrival_archipelago, uniq_roxanne
Shoals:2: overgrown_tower
Shoals:3: serial_shops, shop
Shoals:4: shoals_end_simple
Snake:1:  kennysheep_snake, grunt_megastairs_3, uniq_rupert
Snake:2:  grunt_megastairs_1, uniq_azrael
Snake:3:  cheibrodos_snake_lava_hold, serial_bayou_shore_b
Snake:4:  grunt_snake_rune_spirals, nicolae_snake_squiggles, uniq_vashnia
Orc:2:    grunt_orc_community_town_hall, grunt_orc_community_big_house_2,
          grunt_orc_community_big_house_1, grunt_orc_community_house_2,
          grunt_orc_community_house_1, grunt_orc_community_house_1,
          grunt_orc_community_house_2, grunt_orc_community_house_2, basic_altar
Vaults:1: v_misc_33, vaults_mumra_bighexcomb, nicolae_vaults_twisting_passages,
          v_alt_pattern_1, vaults_room_fancy_cross, ontoclasm_vaults_ring_small,
          ontoclasm_vaults_ligature, ontoclasm_vaults_hangar,
          nicolae_vaults_bisected_inception, nicolae_vaults_network_quinsquares,
          vaults_room_pool, serial_shops, nicolae_shop_stone
Vaults:2: vaults_room_fancy_cross, vaults_dpeg_encased_lava,
          nicolae_vaults_little_squares_2, vaults_room_grunt_arrival_checkpoint,
          st_octagons_1, nicolae_vaults_gold_heap, v_misc_13,
          hangedman_vaults_trim, serial_glass, uniq_margery
Vaults:3: vaults_dpeg_doors, hangedman_vaults_nodes, ontoclasm_vaults_fault,
          nicolae_vaults_windows_and_doors_thing,
          nicolae_vaults_yaktaur_gun_rack, vaults_room_grid, v_alt_pattern_5,
          vaults_dpeg_diagonal, minmay_crypt_entry_simple_sparse,
          vaults_standard_mumra_x, nicolae_vaults_mini_display_case
Vaults:4: ontoclasm_vaults_ring_small, v_misc_5, v_misc_22,
          hangedman_vaults_restitches, vaults_mumra_hexcomb,
          ontoclasm_vaults_spin, vaults_dpeg_hooks,
          nicolae_vaults_little_squares_3, v_misc_30,
          vaults_room_stairs_pillars, vaults_room_corners, uniq_frederick,
          uniq_saint_roka
Vaults:5: serial_shops
Sewer:    sewer_co_15_rooms

Skill      XL: |  1  2  3  4  5  6  7  8  9 10 11 12 13 14 15 16 17 18 19 20 |
---------------+-------------------------------------------------------------+-----
Unarmed Combat | 4 5 6 8 10 11 13 15 16 17 18 19 20 21 | 21.6
Fighting       | 3 4 5 6 7 8 10 11 12 13 14 15 16 17 | 17.2
Dodging        | 4 6 8 10 11 12 13 14 15 | 15.3
Shields        | 3 6 7 9 |  9.0
Armour         | 3 6 8 10 | 10.3
Stealth        | |  1.1
Invocations    | |  0.1

Action                   |  1- 3 |  4- 6 |  7- 9 | 10-12 | 13-15 | 16-18 | 19-21 || total
-------------------------+-------+-------+-------+-------+-------+-------+-------++-------
Melee: Unarmed           |    71 |   171 |   249 |   592 |  1241 |  1423 |   858 ||  4605
       Punch             |       |     3 |    19 |    44 |    55 |       |       ||   121
       Whip              |       |       |       |     7 |       |       |       ||     7
       Scimitar          |       |       |       |       |     6 |       |       ||     6
       Dagger            |       |       |       |       |       |       |     3 ||     3
Throw: Tomahawk          |       |       |       |       |       |       |     7 ||     7
Invok: Ancestor Life: He |       |     1 |       |       |       |       |       ||     1
       Ancestor Identity |       |     1 |       |       |       |       |       ||     1
       Recall Ancestor   |       |       |     3 |     2 |     4 |     3 |     1 ||    13
Evoke: Wand              |       |       |       |       |    15 |    13 |     1 ||    29
       Sack of spiders   |       |       |       |       |       |     1 |     1 ||     2
       Box of beasts     |       |       |       |       |       |       |     1 ||     1
  Use: Potion            |       |     3 |       |     3 |     3 |     1 |     9 ||    19
       Scroll            |       |       |    13 |    10 |    20 |    13 |     5 ||    61
 Stab: Sleeping          |     2 |     3 |     9 |     7 |     4 |       |       ||    25
       Distracted        |       |     1 |     1 |     4 |     7 |    16 |     4 ||    33
       Confused          |       |       |     1 |     2 |     4 |     9 |    39 ||    55
       Paralysed         |       |       |       |       |    16 |    24 |    22 ||    62
  Eat: Chunk             |    18 |    13 |    31 |    82 |   112 |    89 |    58 ||   403
       Ration            |       |       |       |     2 |       |     5 |       ||     7
Armor: Robe              |    16 |    59 |    57 |   182 |   123 |       |       ||   437
       Fire dragon scale |       |       |       |       |    61 |   326 |   199 ||   586
       Troll leather arm |       |       |       |       |    47 |       |       ||    47
Dodge: Dodged            |    35 |    90 |   121 |   355 |   507 |   484 |   232 ||  1824
       Deflected         |       |       |     3 |    10 |       |    84 |    19 ||   116
Block: Other             |       |       |       |    21 |    57 |       |       ||    78
       Reflection        |       |       |       |       |    31 |   231 |    63 ||   325
       Shield            |       |       |       |       |   566 |   186 |       ||   752
       Large shield      |       |       |       |       |       |  1263 |   707 ||  1970

Table legend:
 A = Non-vault XP
 B = Vault XP
 C = Vault XP percentage of total XP
 D = Non-vault monster count
 E = Vault monster count
 F = Vault count percentage of total count
                 A         B        C        D         E       F
            +---------+---------+-------+---------+---------+-------
      Total |  313680 |  287940 |  47.9 |     945 |     551 |  36.8
            +---------+---------+-------+---------+---------+-------
        D:1 |      37 |       0 |   0.0 |      14 |       0 |   0.0
        D:2 |      41 |       3 |   6.8 |      10 |       2 |  16.7
        D:3 |     162 |     341 |  67.8 |      27 |      29 |  51.8
        D:4 |     283 |      14 |   4.7 |      12 |       1 |   7.7
        D:5 |     764 |     297 |  28.0 |      20 |       4 |  16.7
        D:6 |     317 |       0 |   0.0 |       9 |       0 |   0.0
        D:7 |     575 |    1813 |  75.9 |      22 |      15 |  40.5
        D:8 |    1421 |     921 |  39.3 |      30 |       6 |  16.7
        D:9 |    5547 |    1653 |  23.0 |      38 |       8 |  17.4
       D:10 |    2592 |     175 |   6.3 |      29 |       2 |   6.5
       D:11 |    2813 |    2036 |  42.0 |      18 |       8 |  30.8
       D:12 |    8118 |    7534 |  48.1 |      56 |      10 |  15.2
       D:13 |    5423 |    3871 |  41.7 |      31 |       8 |  20.5
       D:14 |   10364 |    5565 |  34.9 |      30 |      12 |  28.6
       D:15 |    1263 |       0 |   0.0 |       2 |       0 |   0.0
     Lair:1 |    1759 |       0 |   0.0 |       9 |       0 |   0.0
     Lair:2 |    8328 |    1540 |  15.6 |      32 |       3 |   8.6
     Lair:3 |    3320 |       0 |   0.0 |      20 |       0 |   0.0
     Lair:4 |    2570 |       0 |   0.0 |      13 |       0 |   0.0
     Lair:5 |    4554 |    1153 |  20.2 |      11 |       4 |  26.7
     Lair:6 |   12219 |   10602 |  46.5 |      33 |      25 |  43.1
   Shoals:1 |   20435 |    1941 |   8.7 |      43 |       1 |   2.3
   Shoals:2 |    8771 |       0 |   0.0 |      14 |       0 |   0.0
   Shoals:3 |    5606 |    3474 |  38.3 |      14 |       4 |  22.2
   Shoals:4 |   16679 |   13656 |  45.0 |      33 |      19 |  36.5
    Snake:1 |   10207 |   22166 |  68.5 |      17 |      38 |  69.1
    Snake:2 |   10033 |    4230 |  29.7 |      18 |      11 |  37.9
    Snake:3 |   20605 |    5215 |  20.2 |      34 |       9 |  20.9
    Snake:4 |   15560 |   58144 |  78.9 |      22 |      88 |  80.0
      Orc:1 |    6658 |    1339 |  16.7 |      55 |      16 |  22.5
      Orc:2 |    2973 |    5129 |  63.3 |      35 |      51 |  59.3
   Vaults:1 |   37810 |   28503 |  43.0 |      62 |      35 |  36.1
   Vaults:2 |   11700 |   19984 |  63.1 |      14 |      20 |  58.8
   Vaults:3 |   46962 |   24233 |  34.0 |      72 |      33 |  31.4
   Vaults:4 |   23367 |   35821 |  60.5 |      41 |      43 |  51.2
   Vaults:5 |    3844 |   26395 |  87.3 |       5 |      26 |  83.9
      Sewer |       0 |     192 | 100.0 |       0 |      20 | 100.0
            +---------+---------+-------+---------+---------+-------
